 Seeded DCSS version 0.30-a0-883-g5ad918d77d (webtiles) character file.

Game seed: 11138641896053144839 (custom seed)

295 bmack86 the Chopper (level 6, -2/55 HPs)
             Began as a Minotaur Fighter on Mar 18, 2023.
             Slain by an iguana (5 damage)
             ... on level 5 of the Dungeon.
             The game lasted 00:07:35 (3487 turns).

bmack86 the Chopper (Minotaur Fighter)              Turns: 3487, Time: 00:07:36

Health: -2/55      AC: 15    Str: 23    XL:     6   Next: 11%
Magic:  5/5        EV:  6    Int:  5    God:
Gold:   299        SH:  8    Dex:  9    Spells: 5/5 levels left

rFire   . . .      SeeInvis .    u - +1 broad axe
rCold   . . .      Faith    .    y - +0 kite shield
rNeg    + . .      Spirit   .    k - +1 chain mail {rN+}
rPois   .          Reflect  .    (helmet restricted)
rElec   .          Rampage  .    (no cloak)
rCorr   .                        s - +0 pair of gloves
Will    .....                    (no boots) Stlth
                                 (no amulet)
HPRegen 0.29/turn                f - +4 ring of slaying
MPRegen 0.09/turn                n - +4 ring of protection

@: no status effects
A: horns 2, retaliatory headbutt
a: no special abilities


You were on level 5 of the Dungeon.
You visited 1 branch of the dungeon, and saw 5 of its levels.

You collected 299 gold pieces.

Inventory:

Hand Weapons
 a - a +0 war axe
 u - a +1 broad axe (weapon)
Armour
 k - a +1 chain mail of positive energy (worn)
 s - a +0 pair of gloves (worn)
 y - a +0 kite shield (worn)
 A - a +2 tower shield
Jewellery
 f - a +4 ring of slaying (left hand)
 g - a ring of willpower
 n - a +4 ring of protection (right hand)
 r - a ring of protection from fire
Wands
 o - a wand of flame (11)
Scrolls
 i - 4 scrolls of teleportation {unknown}
 j - a scroll of silence {unknown}
 l - a scroll of noise {unknown}
 m - a scroll of vulnerability
 p - a scroll of poison {unknown}
 v - a scroll of enchant armour {unknown}
 z - a scroll of amnesia {unknown}
Potions
 b - 2 potions of lignification {unknown}
 d - a potion of might
 e - 3 potions of brilliance
 h - 2 potions of heal wounds
 q - a potion of resistance
 t - a potion of flight {unknown}
 w - a potion of haste {unknown}
 x - 3 potions of curing


   Skills:
 + Level 4.9 Fighting
 * Level 5.2 Axes
 + Level 4.8 Armour
 + Level 4.9 Shields


You had 5 spell levels left.
You didn't know any spells.
Your spell library contained the following spells:

 Spells                   Type           Power      Damage    Failure   Level
 Apportation              Tloc           0%         N/A       100%        1
 Necrotise                Necr           0%         1d4       100%        1
 Sting                    Tmut/Pois      0%         1d3       100%        1
 Summon Small Mammal      Summ           0%         N/A       100%        1
 Poisonous Vapours        Pois/Air       0%         N/A       100%        2
 Vhi's Electric Charge    Tloc/Air       0%         N/A       100%        3
 Olgreb's Toxic Radiance  Pois           0%         N/A       100%        4
 Arcjolt                  Conj/Air       0%         1d10      100%        5
 Maxwell's Capacitive Co  Air            0%         ∞         100%        8


Dungeon Overview and Level Annotations

Branches:
Dungeon (5/15)
 Temple: D:4-7

Altars:
Ashenzari
Cheibriados
Kikubaaqudgha
The Shining One

Shops:
D:2 =


Innate Abilities, Weirdness & Mutations

You have a pair of horns on your head.
You reflexively headbutt those who attack you in melee.


Message History

You resist with some effort.
The orc priest hits you but does no damage.
Unknown command.
You hit the orc wizard.
The orc wizard is severely wounded.
You hit the orc priest.
You feel less confused. You block the orc wizard's attack.
The orc priest hits you but does no damage.
The orc wizard hits you but does no damage.
The orc priest calls upon Beogh to heal the orc wizard.
The orc wizard is healed somewhat.
You closely miss the orc wizard.
You headbutt the orc wizard, but do no damage.
The orc wizard is moderately wounded.
You closely miss the orc priest. The orc wizard casts a spell at you.
The magic dart hits you. You block the orc priest's attack.
You slash the orc wizard!
You kill the orc wizard!
You closely miss the orc priest.
The orc priest hits you with a +0 club. x2
The iguana bites you.
* * * LOW HITPOINT WARNING * * *
Unknown command.
You closely miss the iguana. You barely miss the orc priest.
The orc priest barely misses you. The iguana bites you!
* * * LOW HITPOINT WARNING * * *
Unknown command.
You hit the iguana.
The iguana is moderately wounded.
You closely miss the orc priest. You block the orc priest's attack.
The iguana bites you but does no damage.
You block the orc priest's attack. The iguana bites you.
* * * LOW HITPOINT WARNING * * *
You barely miss the iguana.
The iguana is moderately wounded.
You hit the orc priest but do no damage.
The orc priest hits you but does no damage.
The iguana bites you.
You die...

#.##. .#
.....###### ##.#
#........###...
##.#####..##... #.#
###.##...
#.####........
####.............
###)...#....###..##
#l@.##...#### ##.#
.⌠....o.###..## #.#
....##### #..# #.##
... #..# #<.# #
#### ####


You could see an iguana and an orc priest.

Vanquished Creatures
  An orc priest (D:2)
  A hound (D:4)
  4 orc wizards
  A gnoll (D:1)
  4 adders
  A white imp (D:5)
  2 worms (D:3)
  3 dart slugs
  8 orcs
  4 bats
  8 endoplasms
  2 giant cockroaches
  3 hobgoblins
  8 kobolds
  A quokka (D:1)
  5 ball pythons
  2 frilled lizards
  9 goblins
  3 rats (D:1)
70 creatures vanquished.

Notes
Turn   | Place    | Note
-------+----------+-------------------------------------------
     0 | D:1      | bmack86 the Minotaur Fighter began the quest for the Orb.
     0 | D:1      | Reached XP level 1. HP: 19/19 MP: 0/0
    30 | D:1      | Reached XP level 2. HP: 17/27 MP: 1/1
    99 | D:1      | Reached skill level 3 in Axes
   443 | D:1      | Reached XP level 3. HP: 33/33 MP: 2/2
   937 | D:2      | Found a glowing golden altar of the Shining One.
   981 | D:2      | Found Rebberoesi's Jewellery Emporium.
  1535 | D:2      | Reached XP level 4. HP: 3/40 MP: 3/3
  1541 | D:2      | Reached skill level 4 in Axes
  1916 | D:3      | Found a faded altar of an unknown god.
  2146 | D:3      | Found a snail-covered altar of Cheibriados.
  2678 | D:4      | Found a broken altar of Ashenzari.
  2685 | D:4      | Reached XP level 5. HP: 32/47 MP: 4/4
  2830 | D:4      | Reached skill level 5 in Axes
  3105 | D:4      | Found an ancient bone altar of Kikubaaqudgha.
  3435 | D:5      | Entered Level 5 of the Dungeon
  3439 | D:5      | Reached XP level 6. HP: 55/55 MP: 5/5
  3487 | D:5      | Slain by an iguana

Illustrated notes

Levels and vault maps discovered:
D:1:      moated_graveyard_arrival, layout_basic, minmay_misc_feat_roman,
          minmay_misc_feat_iff
D:2:      layout_loops_corners, serial_shops, nicolae_shop_hallway_stairs,
          basic_altar
D:3:      layout_loops_ring, cheibrodos_worm_habitat, basic_ecumenical_altar,
          nicolae_underground_beach
D:4:      layout_basic, mainiacjoe_overflow_24_doors,
          mainiacjoe_overflow_concentric_impassable, grunt_decor_junction,
          minmay_pentomino_pile
D:5:      layout_rooms, beargit_hepliaklqana_dungeon_heroes,
          makhleb_grotto_becter, minmay_temple_entry_stoned_glass,
          grunt_ministairs_15

Skill      XL: |  1  2  3  4  5 |
---------------+----------------+-----
Axes           | 3 4 5 |  5.2
Fighting       | 4 |  4.9
Shields        | 4 |  4.9
Armour         | 4 |  4.8

Action                     |  1- 3 |  4- 6 || total
---------------------------+-------+-------++-------
  Melee: War axe           |    46 |    29 ||    75
         Headbutt          |     7 |    11 ||    18
         Broad axe         |       |    42 ||    42
    Use: Scroll            |       |     7 ||     7
         Potion            |       |     1 ||     1
 Armour: Scale mail        |    16 |       ||    16
         Chain mail        |     7 |    42 ||    49
  Dodge: Dodged            |    29 |    18 ||    47
  Block: Buckler           |    13 |    16 ||    29
         Kite shield       |       |     7 ||     7

Table legend: (Time is in decaauts)
 A = Elapsed time spent in this place.
 B = Non-inter-level travel time spent in this place.
 C = Inter-level travel time spent in this place.
 D = Time resting spent in this place.
 E = Time spent auto-exploring this place.
 F = Levels seen in this place.
 G = Mean time per level.
                   A        B        C        D        E       F      G
               +--------+--------+--------+--------+--------+-----+--------+
         Total |   3540 |   3450 |     90 |    195 |   2161 |   5 |  708.0 |
       Dungeon |   3540 |   3450 |     90 |    195 |   2161 |   5 |  708.0 |
               +--------+--------+--------+--------+--------+-----+--------+

Top non-repeatable levels by time:
     D:2: 1008 daAuts
     D:1: 911 daAuts
     D:3: 796 daAuts
     D:4: 767 daAuts
     D:5: 56 daAuts
